 Dungeon Crawl Stone Soup version 0.21-a0-380-gd65dc97 (webtiles) character file.

2190 HANFGEIST the Transmogrifier (level 9, 0/57 HPs)
             Began as an Octopode Transmuter on Oct 18, 2017.
             Was an Initiate of Gozag.
             Slain by an orc (3 damage)
             ... on level 6 of the Dungeon.
             The game lasted 00:15:56 (6300 turns).

HANFGEIST the Transmogrifier (Octopode Transmuter)  Turns: 6300, Time: 00:15:57

Health: 0/57       AC:  2    Str: 13    XL:     9   Next: 33%
Magic:  14/15      EV: 24    Int: 19    God:    Gozag
Gold:   539        SH:  0    Dex: 17    Spells: 10/16 levels left

rFire    . . .     SeeInvis +     - Unarmed
rCold    . . .     Gourm    .   (shield currently unavailable)
rNeg     . . .     Faith    .   (helmet currently unavailable)
rPois    x         Spirit   .   (no amulet)
rElec    .         Reflect  .   f - ring of protection from magic
rCorr    .         Harm     .   j - +4 ring of strength
MR       +....                  d - ring of flight
Stlth    ++........             u - ring of see invisible
HPRegen  0.19/turn              (no ring)
MPRegen  0.14/turn              (no ring)
                                (no ring)
                                (no ring)

@: spider-form, gold aura, berserk cooldown, slowed, very slow
A: almost no armour, stealthy swim, (amphibious), 8 rings, (constrict 8)
a: End Transformation, Potion Petition, Call Merchant, Bribe Branch, Renounce
Religion, Evoke Flight


You were on level 6 of the Dungeon.
You worshipped Gozag.
Gozag was pleased with you.
You were not hungry.
You were a venomous arachnid creature.
You visited 2 branches of the dungeon, and saw 7 of its levels.

You collected 610 gold pieces.
You paid 71 gold pieces to Gozag.

Inventory:

Missiles
 r - 7 javelins (quivered)
 w - 62 arrows
Jewellery
 d - a ring of flight (on tentacle)
 f - a ring of protection from magic (left front leg)
 j - a +4 ring of strength (right front leg)
 u - a ring of see invisible (on tentacle)
Scrolls
 a - a scroll of enchant weapon {unknown}
 e - 3 scrolls of teleportation {unknown}
 i - 2 scrolls of remove curse {unknown}
 k - 3 scrolls of recharging {unknown}
 l - 6 scrolls of identify {unknown}
 n - a scroll of immolation {unknown}
 p - 2 scrolls of random uselessness {unknown}
 s - a scroll of enchant armour {unknown}
 t - a scroll of magic mapping {unknown}
 v - a scroll of amnesia {unknown}
 x - a scroll of torment {unknown}
 y - 2 scrolls of fog {unknown}
 z - a scroll of noise {unknown}
Potions
 g - a potion of heal wounds {unknown}
 h - 2 potions of curing
 o - a potion of berserk rage
 q - a potion of haste {unknown}
Books
 b - a book of Changes

   Spells                             Type                      Level
   a - Beastly Appendage              Transmutation                1
   b - Sticks to Snakes               Transmutation                2
   c - Spider Form                    Transmutation/Poison         3
   d - Ice Form                       Ice/Transmutation            4
   e - Blade Hands                    Transmutation                5
Comestibles
 c - 2 bread rations
 m - a royal jelly


   Skills:
 * Level 3.2 Fighting
 - Level 0.1 Throwing
 * Level 6.1 Dodging
 - Level 1.3 Stealth
 - Level 4.2 Unarmed Combat
 + Level 4.1 Spellcasting
 + Level 8.3 Transmutations
 - Level 3.2 Poison Magic
 + Level 0.3 Evocations


You had 10 spell levels left.
You knew the following spells:

 Your Spells              Type           Power        Failure   Level  Hunger
a - Beastly Appendage     Tmut           #####.       3%          1    None
b - Sticks to Snakes      Tmut           #####...     4%          2    ##.....
c - Spider Form           Tmut/Pois      ####......   12%         3    ###....


Dungeon Overview and Level Annotations

Branches:
Dungeon (6/15)             Temple (1/1) D:5

Altars:
Cheibriados
Dithmenos
Elyvilon
Gozag
Hepliaklqana
Makhleb
Ru
Sif Muna
Uskayaw
Vehumet
Wu Jian
Zin
The Shining One
Beogh

Shops:
D:4 (


Innate Abilities, Weirdness & Mutations

You cannot wear most types of armour.
You are very stealthy in the water. (Stealth+)
((You are amphibious.))
You can wear up to eight rings at the same time.
((You can use your tentacles to constrict eight enemies at once.))
((Your skin changes colour to match your surroundings (Stealth+).))
((Your rubbery body absorbs attacks. (AC +1, EV +1)))


Message History

* * * LOW HITPOINT WARNING * * *
Unknown command.
You are too berserk!
You bite the centaur zombie!
The centaur zombie is severely damaged.
You hit the centaur zombie.
The centaur zombie is almost destroyed.
The centaur zombie hits you.
* * * LOW HITPOINT WARNING * * *
The orc barely misses you.
You bite the centaur zombie!
You destroy the centaur zombie!
You barely miss the orc.
You are no longer berserk.
You are exhausted.
You feel yourself slow down. The orc completely misses you.
Unknown command.
You hit the orc but do no damage.
The orc is poisoned.
The orc hits you.
You die...
Your body crumbles into a pile of gold.

#....... ############
##.......
.....#$....#####........
............#(..........
..............###.......
..........($.## #.......
...$....$$...#####......
[..(...o$.........#.....
.......s.....####......#
............## ####.#..
..[..#.....## #....
############ ##### #
######### #...[<...
#........ #........


You could see an orc.

Vanquished Creatures
  Grinder (D:5)
  Sigmund (D:4)
  A sky beast (D:5)
  An orc warrior (D:6)
  A centaur (D:6)
  An ogre (D:4)
  A bullfrog (D:6)
  Blork the orc (D:5)
  3 scorpions
  A wyvern skeleton (D:6)
  4 wights (D:6)
  A howler monkey (D:5)
  A centaur zombie (D:6)
  2 orc priests
  6 orc wizards
  A hound (D:4)
  A jelly (D:6)
  3 bullfrog skeletons
  3 iguanas
  Natasha (thrice) (D:2)
  6 worker ants
  A hound skeleton (D:5)
  9 gnolls
  9 adders
  2 adder zombies
  3 worms
  4 dart slugs
  2 leopard geckos
  17 orcs
  3 ball pythons
  8 bats
  5 giant cockroaches
  4 goblins
  5 hobgoblins
  7 jackals (D:1)
  2 quokkas
  6 frilled lizards
  A giant cockroach zombie (D:6)
  A jackal skeleton (D:6)
  8 kobolds
  A leopard gecko skeleton (D:4)
  A leopard gecko zombie (D:5)
  8 rats
150 creatures vanquished.

Vanquished Creatures (others)
  A quokka (D:3)
1 creature vanquished.

Grand Total: 151 creatures vanquished

Notes
Turn   | Place    | Note
-------+----------+-------------------------------------------
     0 | D:1      | HANFGEIST the Octopode Transmuter began the quest for the Orb.
     0 | D:1      | Reached XP level 1. HP: 13/13 MP: 3/3
    58 | D:1      | Reached XP level 2. HP: 18/18 MP: 1/5
   114 | D:1      | Learned a level 2 spell: Sticks to Snakes
   304 | D:1      | Reached XP level 3. HP: 20/23 MP: 4/6
  1325 | D:1      | You fall through a shaft!
  1329 | D:2      | Reached XP level 4. HP: 28/28 MP: 5/7
  1360 | D:2      | Noticed Natasha
  1373 | D:2      | Killed Natasha
  1388 | D:2      | Noticed Natasha
  1535 | D:2      | Killed Natasha
  1535 | D:2      | Reached skill level 1 in Stealth
  1566 | D:2      | Noticed Natasha
  1720 | D:2      | Killed Natasha
  1720 | D:2      | Reached skill level 3 in Transmutations
  1720 | D:2      | Reached XP level 5. HP: 33/33 MP: 6/8
  2207 | D:3      | Learned a level 3 spell: Spider Form
  2565 | D:3      | Found a white marble altar of Elyvilon.
  2780 | D:4      | Reached skill level 1 in Poison Magic
  2788 | D:4      | Found Quhes's Weapon Boutique.
  2820 | D:4      | Reached XP level 6. HP: 38/38 MP: 7/9
  2825 | D:4      | Found an ornate altar of the Wu Jian Council.
  2884 | D:4      | Reached skill level 4 in Transmutations
  3126 | D:4      | Found a roughly hewn altar of Beogh.
  3144 | D:4      | Reached skill level 5 in Transmutations
  3362 | D:4      | Reached XP level 7. HP: 43/43 MP: 6/10
  3405 | D:4      | Noticed Sigmund
  3443 | D:4      | Killed Sigmund
  3613 | D:4      | Reached skill level 6 in Transmutations
  3907 | D:5      | Entered Level 5 of the Dungeon
  3907 | D:5      | Noticed Blork the orc
  3917 | D:5      | Killed Blork the orc
  3917 | D:5      | Reached XP level 8. HP: 24/48 MP: 8/11
  4169 | D:5      | Found a staircase to the Ecumenical Temple.
  4175 | Temple   | Entered the Ecumenical Temple
  4218 | Temple   | Became a worshipper of Gozag Ym Sagoz the Greedy
  4536 | D:5      | Reached skill level 7 in Transmutations
  4554 | D:5      | Noticed Grinder
  5091 | D:5      | Killed Grinder
  5091 | D:5      | Reached skill level 5 in Dodging
  5419 | D:6      | Found a deep blue altar of Sif Muna.
  5517 | D:6      | Reached XP level 9. HP: 25/55 MP: 9/14
  5730 | D:6      | Reached skill level 8 in Transmutations
  6295 | D:6      | HP: 4/85 [orc (4)]
  6300 | D:6      | Slain by an orc

Vault maps used:
D:1:      sevenhm_arrival_forest_fort_large_2
D:2:      uniq_natasha
D:3:      elyvilon_altar_4
D:4:      overflow_temple_1_default, serial_shops, shop, kennysheep_orc_chapel,
          uniq_sigmund
D:5:      minmay_temple_entry_butterflies, first_bread, uniq_grinder,
          uniq_blork_the_orc
D:6:      basic_altar
Temple:   regret_index_temple_sigil_plot

Skill      XL: |  1  2  3  4  5  6  7  8  9 |
---------------+----------------------------+-----
Unarmed Combat | 4 |  4.2
Dodging        | 3 4 5 6 |  6.1
Stealth        | 1 |  1.3
Transmutations | 3 5 6 7 8 |  8.3
Poison Magic   | 1 2 3 |  3.2
Fighting       | 2 3 |  3.2
Spellcasting   | 3 4 |  4.1
Throwing       | |  0.1
Evocations     | |  0.3

Action                   |  1- 3 |  4- 6 |  7- 9 || total
-------------------------+-------+-------+-------++-------
Melee: Unarmed           |    68 |   106 |   266 ||   440
       Constrict         |    18 |    25 |     4 ||    47
       Tentacles         |    12 |    14 |     4 ||    30
       Kick              |     7 |    22 |     3 ||    32
       Punch             |       |     1 |       ||     1
Throw: Javelin           |       |     1 |     2 ||     3
 Cast: Beastly Appendage |    16 |    29 |     7 ||    52
       Sticks to Snakes  |       |    11 |     4 ||    15
       Spider Form       |       |     6 |    23 ||    29
 Abil: Evoke Flight      |       |     1 |       ||     1
  Use: Potion            |       |       |     2 ||     2
 Stab: Sleeping          |     6 |     5 |     1 ||    12
       Distracted        |       |       |     1 ||     1
  Eat: Chunk             |     1 |     9 |     3 ||    13
       Fruit             |       |       |     3 ||     3
       Royal jelly       |       |       |     4 ||     4
Armor: Skin              |     4 |     6 |    10 ||    20
Dodge: Dodged            |    43 |    52 |   236 ||   331

Table legend:
 A = Spawn XP
 B = Non-spawn XP
 C = Spawn XP percentage of total XP
 D = Spawn monster count
 E = Non-spawn monster count
 F = Spawn count percentage of total count
 G = Total turns spent on level
                    A         B        C        D         E        F      G
               +---------+---------+-------+---------+---------+-------+---------
         Total |       0 |    3129 |   0.0 |       0 |     150 |   0.0 |  6300
               +---------+---------+-------+---------+---------+-------+---------
           D:1 |       0 |      80 |   0.0 |       0 |      32 |   0.0 |  1463
           D:2 |       0 |     135 |   0.0 |       0 |      14 |   0.0 |   571
           D:3 |       0 |      69 |   0.0 |       0 |      21 |   0.0 |   783
           D:4 |       0 |     832 |   0.0 |       0 |      27 |   0.0 |  1231
           D:5 |       0 |     982 |   0.0 |       0 |      30 |   0.0 |  1332
           D:6 |       0 |    1031 |   0.0 |       0 |      26 |   0.0 |   653
               +---------+---------+-------+---------+---------+-------+---------
